PA
YELLOWKNIFE DRAGONBLOOD @ ATHLETIC CLUB KC U-21
05/06/2023
 
TOP OF THE 1ST
Yellowknife Dragonblood batting - Pitching for Athletic Club KC U-21 : RHP Juan Gusmán
Pitching: RHP Juan Gusmán
Batting: RHB Ray Flynn 0-0: Called Strike
0-1: Foul Ball, location: 2F
0-2: Ball
1-2: Fly out, F8 (Flyball, 8RM)
Batting: LHB José Vargas 0-0: Fly out, F5 (Popup, 5F)
Batting: SHB Mitch Qualtrough 0-0: Ball
1-0: Foul Ball, location: 2F
1-1: Fly out, F7 (Flyball, 7M)
Top of the 1st over - 0 run(s), 0 hit(s), 0 error(s), 0 left on base; Yellowknife 0 - Athletic Club KC 0
BOTTOM OF THE 1ST
Athletic Club KC U-21 batting - Pitching for Yellowknife Dragonblood : LHP Felipe Becerra
Pitching: LHP Felipe Becerra
Batting: RHB Aurelio Álvarez 0-0: Swinging Strike
0-1: Swinging Strike
0-2: Foul Ball, location: 2F
0-2: SINGLE (Line Drive, 7S)
Batting: RHB José Flores 0-0: Ball
1-0: Called Strike
1-1: Ball
2-1: Foul Ball, location: 2F
2-2: Ball
3-2: Fly out, F8 (Flyball, 8LD)
Batting: LHB Manuel Domínguez 0-0: Ball
Aurelio Álvarez is caught stealing 2nd base
1-0: SOLO HOME RUN (Flyball, 9LD), Distance : 365 ft
Batting: RHB Diego Bonilla 0-0: Ball
1-0: Ball
2-0: Ground out U3 (Groundball, 3)
Bottom of the 1st over - 1 run(s), 2 hit(s), 0 error(s), 0 left on base; Yellowknife 0 - Athletic Club KC 1
TOP OF THE 2ND
Yellowknife Dragonblood batting - Pitching for Athletic Club KC U-21 : RHP Juan Gusmán
Batting: RHB Tomás Martínez 0-0: Called Strike
0-1: Called Strike
0-2: Ball
1-2: Ball
2-2: Ball
3-2: Foul Ball, location: 2F
3-2: Foul Ball, location: 2F
3-2: Foul Ball, location: 2F
3-2: Strikes out swinging
Batting: RHB Alberto Blanco 0-0: Called Strike
0-1: Ground out 5-3 (Groundball, 5S)
Batting: RHB Roberto Vázquez 0-0: Ball
1-0: Ball
2-0: Foul Ball, location: 2F
2-1: Foul Ball, location: 2F
2-2: Ground out 5-3 (Groundball, 5S)
Top of the 2nd over - 0 run(s), 0 hit(s), 0 error(s), 0 left on base; Yellowknife 0 - Athletic Club KC 1
BOTTOM OF THE 2ND
Athletic Club KC U-21 batting - Pitching for Yellowknife Dragonblood : LHP Felipe Becerra
Batting: LHB Tony García 0-0: Called Strike
0-1: Called Strike
0-2: Foul Ball, location: 2F
0-2: Ball
1-2: Strikes out swinging
Batting: RHB Felipe Pabalate 0-0: Ground out 5-3 (Groundball, 5)
Batting: RHB Iván Chacón 0-0: Ball
1-0: Swinging Strike
1-1: Swinging Strike
1-2: Foul Ball, location: 2F
1-2: Foul Ball, location: 2F
1-2: Ball
2-2: Strikes out looking
Bottom of the 2nd over - 0 run(s), 0 hit(s), 0 error(s), 0 left on base; Yellowknife 0 - Athletic Club KC 1
TOP OF THE 3RD
Yellowknife Dragonblood batting - Pitching for Athletic Club KC U-21 : RHP Juan Gusmán
Batting: RHB Ron Morton 0-0: Ball
1-0: Foul Ball, location: 2F
1-1: Ball
2-1: Fly out, F4 (Popup, 3D)
Batting: LHB Jon Baxter 0-0: Called Strike
0-1: Ball
1-1: Foul Ball, location: 2F
1-2: Strikes out looking
Batting: RHB Ángel Arroyo 0-0: Called Strike
0-1: Called Strike
0-2: Strikes out swinging
Top of the 3rd over - 0 run(s), 0 hit(s), 0 error(s), 0 left on base; Yellowknife 0 - Athletic Club KC 1
BOTTOM OF THE 3RD
Athletic Club KC U-21 batting - Pitching for Yellowknife Dragonblood : LHP Felipe Becerra
Batting: RHB Pedro Silva 0-0: Foul Ball, location: 2F
0-1: Ball
1-1: Ball
2-1: Ball
3-1: SINGLE (Flyball, 7S)
Batting: LHB Naohiro Sakai 0-0: Called Strike
0-1: Fly out, F9 (Flyball, 9D)
Batting: RHB Aurelio Álvarez 0-0: Ball
1-0: Foul Ball, location: 2F
1-1: SINGLE (Groundball, 56)
Pedro Silva to second
Batting: RHB José Flores 0-0: SINGLE (Groundball, 6M)
Pedro Silva to third
Aurelio Álvarez to second
Batting: LHB Manuel Domínguez 0-0: Called Strike
0-1: Fly out, F8 (Flyball, 8RM)
Runner from 3rd tags up, SCORES, throw made
Batting: RHB Diego Bonilla 0-0: Ball
1-0: Fly out, F7 (Line Drive, 7LM)
Bottom of the 3rd over - 1 run(s), 3 hit(s), 0 error(s), 2 left on base; Yellowknife 0 - Athletic Club KC 2
TOP OF THE 4TH
Yellowknife Dragonblood batting - Pitching for Athletic Club KC U-21 : RHP Juan Gusmán
Batting: RHB Ray Flynn 0-0: Foul Ball, location: 2F
0-1: Ball
1-1: Bunted foul
1-2: Foul Ball, location: 2F
1-2: Strikes out looking
Batting: LHB José Vargas 0-0: Swinging Strike
0-1: Ball
1-1: Fly out, F9 (Flyball, 9M)
Batting: SHB Mitch Qualtrough 0-0: Ground out 4-3 (Groundball, 4)
Top of the 4th over - 0 run(s), 0 hit(s), 0 error(s), 0 left on base; Yellowknife 0 - Athletic Club KC 2
BOTTOM OF THE 4TH
Athletic Club KC U-21 batting - Pitching for Yellowknife Dragonblood : LHP Felipe Becerra
Batting: LHB Tony García 0-0: Ground out U3 (Groundball, 3)
Batting: RHB Felipe Pabalate 0-0: Ball
1-0: Ball
2-0: Foul Ball, location: 2F
2-1: Foul Ball, location: 2F
2-2: Foul Ball, location: 2F
2-2: Fly out, F7 (Flyball, 7S)
Batting: RHB Iván Chacón 0-0: Ball
1-0: Called Strike
1-1: Ball
2-1: Swinging Strike
2-2: Strikes out swinging
Bottom of the 4th over - 0 run(s), 0 hit(s), 0 error(s), 0 left on base; Yellowknife 0 - Athletic Club KC 2
TOP OF THE 5TH
Yellowknife Dragonblood batting - Pitching for Athletic Club KC U-21 : RHP Juan Gusmán
Batting: RHB Tomás Martínez 0-0: SINGLE (Groundball, 6MD)
Batting: RHB Alberto Blanco 0-0: Ball
1-0: Swinging Strike
1-1: Swinging Strike
1-2: Fly out, F5 (Line Drive, 56)
Batting: RHB Roberto Vázquez 0-0: Ball
1-0: Foul Ball, location: 2F
1-1: Foul Ball, location: 2F
1-2: Foul Ball, location: 2F
1-2: Foul Ball, location: 2F
1-2: Ball
2-2: SINGLE (Groundball, 34)
Tomás Martínez to second
Runner from 2nd tries for 3rd, SAFE, throw made to third
Batting: RHB Ron Morton 0-0: Ball
Roberto Vázquez is caught stealing 2nd base
1-0: Ball
2-0: Ball
3-0: Base on Balls
Batting: LHB Jon Baxter 0-0: Called Strike
0-1: Ball
1-1: Ball
2-1: Ball
3-1: Called Strike
3-2: Foul Ball, location: 2F
3-2: Base on Balls
Ron Morton to second
Batting: RHB Ángel Arroyo 0-0: Called Strike
0-1: Ball
1-1: Ball
2-1: Ball
Wild Pitch!
Tomás Martínez scores
Ron Morton to third
Jon Baxter to second
3-1: Called Strike
3-2: Base on Balls
Batting: RHB Ray Flynn 0-0: Called Strike
0-1: Foul Ball, location: 2F
0-2: Strikes out swinging
Top of the 5th over - 1 run(s), 2 hit(s), 0 error(s), 3 left on base; Yellowknife 1 - Athletic Club KC 2
BOTTOM OF THE 5TH
Athletic Club KC U-21 batting - Pitching for Yellowknife Dragonblood : LHP Felipe Becerra
Batting: RHB Pedro Silva 0-0: Called Strike
0-1: Foul Ball, location: 2F
0-2: Fly out, F7 (Flyball, 7M)
Batting: LHB Naohiro Sakai 0-0: Swinging Strike
0-1: Foul Ball, location: 2F
0-2: Ball
1-2: Ball
2-2: Foul Ball, location: 2F
2-2: Strikes out swinging
Batting: RHB Aurelio Álvarez 0-0: Ball
1-0: Called Strike
1-1: DOUBLE (Line Drive, 5D)
Batting: RHB José Flores 0-0: Ball
1-0: Ground out 6-3 (Groundball, 6)
Bottom of the 5th over - 0 run(s), 1 hit(s), 0 error(s), 1 left on base; Yellowknife 1 - Athletic Club KC 2
TOP OF THE 6TH
Yellowknife Dragonblood batting - Pitching for Athletic Club KC U-21 : RHP Juan Gusmán
Batting: LHB José Vargas 0-0: Ball
1-0: Fly out, F9 (Flyball, 89M)
Batting: SHB Mitch Qualtrough 0-0: Ball
1-0: DOUBLE (Line Drive, 9LM)
Batting: RHB Tomás Martínez 0-0: Called Strike
0-1: Ball
Wild Pitch!
Mitch Qualtrough to third
1-1: Ball
2-1: Foul Ball, location: 2F
2-2: Strikes out swinging
Batting: RHB Alberto Blanco 0-0: Called Strike
0-1: Ball
1-1: 2-RUN HOME RUN (Line Drive, 7LD), Distance : 358 ft
Batting: RHB Roberto Vázquez 0-0: Foul Ball, location: 2F
0-1: Foul Ball, location: 2F
0-2: Foul Ball, location: 2F
0-2: Fly out, F9 (Flyball, 9M)
Top of the 6th over - 2 run(s), 2 hit(s), 0 error(s), 0 left on base; Yellowknife 3 - Athletic Club KC 2
BOTTOM OF THE 6TH
Athletic Club KC U-21 batting - Pitching for Yellowknife Dragonblood : LHP Felipe Becerra
Batting: LHB Manuel Domínguez 0-0: Ground out 4-3 (Groundball, 4)
Batting: RHB Diego Bonilla 0-0: Ball
1-0: TRIPLE (Flyball, 9LM)
Batting: LHB Tony García 0-0: TRIPLE (Flyball, 89M)
Diego Bonilla scores
Batting: RHB Felipe Pabalate 0-0: Intentional Walk
Batting: RHB Iván Chacón 0-0: DOUBLE (Groundball, 5L)
Tony García scores
Felipe Pabalate to third
Batting: RHB Pedro Silva 0-0: Swinging Strike
0-1: Ball
1-1: Ball
2-1: Foul Ball, location: 2F
2-2: Fly out, F8 (Flyball, 8RM)
Runner from 3rd tags up, SCORES, no throw
Batting: LHB Naohiro Sakai 0-0: Foul Ball, location: 2F
0-1: Ball
1-1: Fly out, F3 (Popup, 3SF)
Bottom of the 6th over - 3 run(s), 3 hit(s), 0 error(s), 1 left on base; Yellowknife 3 - Athletic Club KC 5
TOP OF THE 7TH
Yellowknife Dragonblood batting - Pitching for Athletic Club KC U-21 : RHP Juan Gusmán
Batting: RHB Ron Morton 0-0: Ball
1-0: Ball
2-0: Ball
3-0: Called Strike
3-1: Called Strike
3-2: Foul Ball, location: 2F
3-2: Strikes out swinging
Pitching: RHP Roland Allen
Batting: LHB Jon Baxter 0-0: Foul Ball, location: 2F
0-1: Ground out 3-1 (Groundball, 34)
Batting: RHB Ángel Arroyo 0-0: Ball
1-0: Foul Ball, location: 2F
1-1: Ball
2-1: Foul Ball, location: 2F
2-2: Ground out 5-3 (Groundball, 56S)
Top of the 7th over - 0 run(s), 0 hit(s), 0 error(s), 0 left on base; Yellowknife 3 - Athletic Club KC 5
BOTTOM OF THE 7TH
Athletic Club KC U-21 batting - Pitching for Yellowknife Dragonblood : LHP Felipe Becerra
Batting: RHB Aurelio Álvarez 0-0: Ball
1-0: SINGLE (Flyball, 8LS)
Pitching: RHP Pedro Lara
Batting: RHB José Flores 0-0: Sac Bunt - play at first, batter OUT! U3
Aurelio Álvarez to second
Batting: LHB Manuel Domínguez 0-0: Intentional Walk
Batting: RHB Diego Bonilla 0-0: Ball
1-0: Grounds into double play, 6-4-3 (Groundball, 6M)
Bottom of the 7th over - 0 run(s), 1 hit(s), 0 error(s), 1 left on base; Yellowknife 3 - Athletic Club KC 5
TOP OF THE 8TH
Yellowknife Dragonblood batting - Pitching for Athletic Club KC U-21 : RHP Roland Allen
Batting: RHB Ray Flynn 0-0: Ball
1-0: Ground out 4-3 (Groundball, 4)
Batting: LHB José Vargas 0-0: Ball
1-0: Foul Ball, location: 2F
1-1: Foul Ball, location: 2F
1-2: Ground out 6-3 (Groundball, 6)
Batting: SHB Mitch Qualtrough 0-0: SINGLE (Flyball, 7S)
Pitching: RHP Kas Groen
Batting: RHB Tomás Martínez 0-0: Called Strike
0-1: Fielders Choice at 2nd, 6-4 (Groundball, 6S)
Top of the 8th over - 0 run(s), 1 hit(s), 0 error(s), 0 left on base; Yellowknife 3 - Athletic Club KC 5
BOTTOM OF THE 8TH
Athletic Club KC U-21 batting - Pitching for Yellowknife Dragonblood : RHP Pedro Lara
Batting: LHB Tony García 0-0: Fly out, F8 (Flyball, 8RXD)
Batting: RHB Felipe Pabalate 0-0: Ball
1-0: Ground out 1-3 (Groundball, 15)
Batting: RHB Iván Chacón 0-0: Ball
1-0: Called Strike
1-1: Ball
2-1: Called Strike
2-2: Strikes out swinging
Bottom of the 8th over - 0 run(s), 0 hit(s), 0 error(s), 0 left on base; Yellowknife 3 - Athletic Club KC 5
TOP OF THE 9TH
Yellowknife Dragonblood batting - Pitching for Athletic Club KC U-21 : RHP Kas Groen
Pitching: RHP Rich Gibbs
Batting: RHB Alberto Blanco 0-0: SINGLE (Groundball, 6MD)
Pinch Runner at 1st Higino Malrasca:
Pinch Hitting: LHB José Serna 0-0: Grounds into double play, 1-6-3 (Groundball, 13S)
Batting: RHB Ron Morton 0-0: Ball
1-0: Called Strike
1-1: Foul Ball, location: 2F
1-2: Foul Ball, location: 2F
1-2: Foul Ball, location: 2F
1-2: Foul Ball, location: 2F
1-2: Ball
2-2: Foul Ball, location: 2F
2-2: SINGLE (Line Drive, 6D)
Pinch Hitting: RHB Rodriguo Condea 0-0: Called Strike
0-1: Ball
1-1: Foul Ball, location: 2F
1-2: Fielders Choice at 2nd, U6 (Groundball, 6M)
Top of the 9th over - 0 run(s), 2 hit(s), 0 error(s), 1 left on base; Yellowknife 3 - Athletic Club KC 5
This league is powered by Out of the Park Baseball, the baseball management simulation game for PC, Mac and Linux
Friday, July 8th, 2016 - OOTP Baseball 16.9 Build 39